 Dungeon Crawl Stone Soup version 0.24.0-123-gd5b16e6ec5 (webtiles) character file.

Game seed: 12660575291629081844, levelgen mode: deterministic

5214 Notrik the Fighter (level 10, -8/151 HPs)
             Began as a Minotaur Berserker on Feb 5, 2020.
             Was an Elder of Trog.
             Mangled by Snorg (19 damage)
             ... on level 10 of the Dungeon.
             The game lasted 00:21:18 (6307 turns).

Notrik the Fighter (Minotaur Berserker)             Turns: 6307, Time: 00:21:19

Health: -8/151     AC: 17    Str: 31    XL:     10   Next: 35%
Magic:  0/12       EV: 10    Int:  4    God:    Trog [****..]
Gold:   281        SH:  0    Dex:  9    Spells: 9/9 levels left

rFire    . . .     SeeInvis .   A - +7 hand axe "Biffo" {chop, *Drain rElec rN++}
rCold    + . .     Gourm    .   (no shield)
rNeg     + + .     Faith    .   z - +3 chain mail {rC+}
rPois    +         Spirit   +   (helmet restricted)
rElec    +         Reflect  .   b - +0 cloak
rCorr    .         Harm     .   F - +0 pair of gloves
MR       .....                  (no boots)
Stlth    ..........             a - amulet of guardian spirit
HPRegen  0.35/turn              j - ring of poison resistance
MPRegen  0.13/turn              (no ring)

@: berserking, very quick
A: retaliatory headbutt, horns 2
a: Berserk, Trog's Hand, Brothers in Arms, Renounce Religion


You were on level 10 of the Dungeon.
You worshipped Trog.
Trog was greatly pleased with you.
You were very hungry.

You visited 1 branch of the dungeon, and saw 10 of its levels.

You collected 632 gold pieces.
You spent 351 gold pieces at shops.

Inventory:

Hand Weapons
 A - the +7 hand axe "Biffo" (weapon) {chop, *Drain rElec rN++}
   (You found it on level 6 of the Dungeon)

   It inflicts extra damage upon your enemies.
   It insulates you from electricity.
   It greatly protects you from negative energy.
   It causes draining when unequipped.
Missiles
 n - 2 throwing nets (quivered) {!f}
Armour
 b - a +0 cloak (worn)
   (You took it off Crazy Yiuf on level 2 of the Dungeon)
 w - a +2 chain mail of magic resistance
   (You took it off an orc on level 3 of the Dungeon)
 z - a +3 chain mail of cold resistance (worn)
   (You bought it in a shop on level 6 of the Dungeon)
 F - a +0 pair of gloves (worn)
   (You found it on level 8 of the Dungeon)
Jewellery
 a - an amulet of guardian spirit (around neck)
   (You found it on level 4 of the Dungeon)
 j - a ring of poison resistance (left hand)
   (You found it on level 1 of the Dungeon)
 l - an uncursed amulet of regeneration
   (You found it on level 1 of the Dungeon)
 B - an uncursed ring of flight
   (You found it on level 6 of the Dungeon)
Wands
 d - a wand of iceblast (5)
   (You bought it in a shop on level 6 of the Dungeon)
Scrolls
 c - 4 scrolls of identify {@r1}
 f - 2 scrolls of teleportation {unknown}
 o - 2 scrolls of random uselessness {unknown}
 p - 2 scrolls of remove curse {@r2}
 q - a scroll of enchant weapon {unknown}
 s - a scroll of enchant armour {unknown}
 v - 2 scrolls of noise {unknown}
 y - a scroll of magic mapping {unknown}
 E - a scroll of amnesia {unknown}
 G - a scroll of blinking {unknown}
Potions
 g - 3 potions of curing {unknown}
 h - 4 potions of flight {unknown}
 i - a potion of degeneration {unknown}
 k - a potion of invisibility {unknown}
 m - 3 potions of might
 r - a potion of brilliance {unknown}
 t - a potion of resistance {unknown}
 u - a potion of haste {unknown}
 x - a potion of heal wounds {unknown}
 C - 3 potions of berserk rage {unknown}
Comestibles
 e - 13 rations {!d}


   Skills:
 * Level 13.1 Fighting
 + Level 5.7(6.2) Axes
   Level 3.6(5.2) Polearms
 + Level 9.6 Armour
 - Level 2.1 Dodging
 - Level 5.0 Evocations


You had 9 spell levels left.
You didn't know any spells.
Your spell library was empty.

Dungeon Overview and Level Annotations

Branches:
Dungeon (10/15)            Temple (0/1) D:4
   Lair: D:8-11         Orc: D:9-12

Altars:
Ashenzari
Dithmenos
Elyvilon
Gozag
Nemelex Xobeh
Okawaru
Sif Muna
Uskayaw
Vehumet
Wu Jian
Yredelemnul
The Shining One

Shops:
D:6 *

Annotations:
D:9 2 transporters, Jonor's ghost, novice GnSk
D:10 Snorg


Innate Abilities, Weirdness & Mutations

You reflexively headbutt those who attack you in melee.
You have a pair of horns on your head.


Message History

Snorg claws you but does no damage. x2
You hit Snorg. You slash the two-headed ogre! You hit the ogre.
The ogre completely misses you.
The two-headed ogre hits you with a +0 giant club.
The two-headed ogre hits you but does no damage.
Snorg bites you! Snorg closely misses you. x2
You slash the two-headed ogre!
You headbutt the two-headed ogre, but do no damage.
You slash Snorg! You hit the ogre. The ogre hits you with a +0 giant club.
* * * LOW HITPOINT WARNING * * *
The two-headed ogre hits you with a +0 giant club!
* * * LOW HITPOINT WARNING * * *
The two-headed ogre hits you with a +0 giant club!
* * * LOW HITPOINT WARNING * * *
Snorg goes berserk!
A red film seems to cover your vision as you go berserk!
You feel yourself moving faster!
You feel mighty!
You are feeling very hungry.
Snorg bites you.
* * * LOW HITPOINT WARNING * * *
Snorg claws you!
* * * LOW HITPOINT WARNING * * *
Snorg claws you but does no damage. The ogre misses you.
You feel a strong urge to attack something.
The two-headed ogre hits you with a +0 giant club!
* * * LOW HITPOINT WARNING * * *
The two-headed ogre barely misses you.
Your chain mail prevents you from hitting the two-headed ogre.
You headbutt the two-headed ogre.
You kill the two-headed ogre!
Trog accepts your kill.
Your Fighting skill increases to level 13!
You slash Snorg! Snorg barely misses you. You furiously retaliate!
You headbutt Snorg!! Snorg claws you.
* * * LOW HITPOINT WARNING * * *
Snorg claws you!
* * * LOW HITPOINT WARNING * * *
You slash Snorg! You slash the ogre! Snorg barely misses you.
Snorg claws you but does no damage. Snorg completely misses you.
You slash Snorg! You hit the ogre.
You feel the power of Trog in you as your rage grows.
You kill the ogre!
Trog accepts your kill. Snorg closely misses you. You furiously retaliate!
You headbutt Snorg! Snorg claws you.
* * * LOW HITPOINT WARNING * * *
Snorg claws you.
* * * LOW HITPOINT WARNING * * *
You barely miss Snorg. Your headbutt misses Snorg. Snorg bites you!!
You die...

#.............≈
#....###..............≈
##.....................≈
##......................≈
...(.....................
......=..................
.........................
..................###....
.......)@........## ##...
.......T.........# #...
.................## ##...
#.................###....
##........###............
##......## ##...........
##.....# #...........
##....## ##...........
##....###............


You could see Snorg (berserk).

Vanquished Creatures
  Harold (D:8)
  A two-headed ogre (D:10)
  Psyche (D:8)
  A human (D:7)
  2 wyverns
  Grum (D:8)
  4 hogs (D:7)
  2 hungry ghosts
  An ice beast (D:9)
  3 orc warriors
  A phantom (D:7)
  2 wolves (D:8)
  2 ogres
  2 centaurs
  A crocodile (D:8)
  A bullfrog (D:9)
  A scorpion (D:8)
  5 howler monkeys
  A wight (D:8)
  4 crimson imps
  A bullfrog zombie (D:5)
  Crazy Yiuf (D:2)
  2 bullfrog skeletons
  3 hounds
  3 orc priests
  A centaur skeleton (D:9)
  An iguana (D:4)
  4 worker ants
  A hound zombie (D:7)
  8 adders
  2 gnolls (D:3)
  A shadow imp (D:10)
  3 oozes
  2 worms
  A dart slug (D:1)
  3 leopard geckos (D:8)
  23 orcs
  5 giant cockroaches
  14 goblins
  8 hobgoblins
  5 jackals
  5 quokkas
  A ball python (D:2)
  6 bats
  6 frilled lizards
  A jackal skeleton (D:8)
  9 kobolds
  A leopard gecko skeleton (D:4)
  A quokka skeleton (D:4)
  A quokka zombie (D:8)
  4 rats
164 creatures vanquished.

Notes
Turn   | Place    | Note
-------+----------+-------------------------------------------
     0 | D:1      | Notrik the Minotaur Berserker began the quest for the Orb.
     0 | D:1      | Reached XP level 1. HP: 19/19 MP: 0/0
   146 | D:1      | Reached skill level 4 in Fighting
   196 | D:1      | Reached XP level 2. HP: 25/27 MP: 1/1
   710 | D:2      | Found a shadowy altar of Dithmenos.
   723 | D:2      | Reached XP level 3. HP: 28/34 MP: 2/2
   751 | D:2      | Reached ** piety under Trog
   751 | D:2      | Reached skill level 5 in Fighting
  1113 | D:2      | Reached XP level 4. HP: 39/42 MP: 3/3
  1330 | D:2      | Found a runed translucent door.
  1331 | D:2      | Noticed Crazy Yiuf
  1475 | D:2      | Killed Crazy Yiuf
  1496 | D:2      | HP: 2/42 [poisoned by Crazy Yiuf]
  1898 | D:3      | Reached skill level 6 in Fighting
  1898 | D:3      | Reached XP level 5. HP: 47/50 MP: 4/4
  2033 | D:3      | Found an iron altar of Okawaru.
  2036 | D:3      | Reached *** piety under Trog
  2077 | D:3      | Noticed a +0 hand axe
  2077 | D:3      | Noticed a +0 hand axe
  2079 | D:3      | Found a hide-covered altar of Uskayaw.
  2374 | D:4      | Found a staircase to the Ecumenical Temple.
  2468 | D:4      | Reached skill level 7 in Fighting
  2468 | D:4      | Reached XP level 6. HP: 53/60 MP: 5/5
  2503 | D:4      | Found an ornate altar of the Wu Jian Council.
  2554 | D:4      | Found a basalt altar of Yredelemnul.
  2563 | D:4      | Found a glowing golden altar of the Shining One.
  2639 | D:4      | Found a radiant altar of Vehumet.
  2776 | D:4      | Reached skill level 5 in Armour
  2858 | D:4      | Noticed an angel
  2894 | D:5      | Entered Level 5 of the Dungeon
  3244 | D:5      | Reached skill level 8 in Fighting
  3284 | D:5      | Reached XP level 7. HP: 58/69 MP: 3/6
  3580 | D:6      | Found an opulent altar of Gozag.
  3604 | D:6      | Found Cathrig's Assorted Antiques.
  3614 | D:6      | Bought a glowing chain mail for 195 gold pieces
  3982 | D:6      | Got a transparent hand axe
  4000 | D:6      | Identified the +7 hand axe "Biffo" {chop, *Drain rElec
                  | rN++} (You found it on level 6 of the Dungeon)
  4090 | D:6      | Bought a tapered bone wand for 104 gold pieces
  4090 | D:6      | Bought a scroll labeled JUAKLO ZAONO for 26 gold pieces
  4090 | D:6      | Bought a scroll labeled CAVOUTS QOYDAO for 26 gold pieces
  4197 | D:7      | Reached skill level 1 in Evocations
  4259 | D:7      | Found a shattered altar of Ashenzari.
  4301 | D:7      | Found a sparkling altar of Nemelex Xobeh.
  4450 | D:7      | Found a shimmering blue altar of Sif Muna.
  4475 | D:7      | Noticed a hungry ghost
  4487 | D:7      | Killed a hungry ghost
  4487 | D:7      | Reached skill level 9 in Fighting
  4535 | D:7      | Reached XP level 8. HP: 70/78 MP: 8/8
  4738 | D:7      | Reached skill level 10 in Fighting
  4937 | D:8      | Reached skill level 1 in Axes
  5019 | D:8      | Reached skill level 11 in Fighting
  5019 | D:8      | Reached XP level 9. HP: 77/89 MP: 8/10
  5109 | D:8      | Noticed Psyche
  5118 | D:8      | Killed Psyche
  5118 | D:8      | Reached **** piety under Trog
  5118 | D:8      | Noticed Harold
  5138 | D:8      | Killed Harold
  5138 | D:8      | Reached skill level 12 in Fighting
  5318 | D:8      | Found a white marble altar of Elyvilon.
  5612 | D:8      | Noticed Grum
  5631 | D:8      | Killed Grum
  5636 | D:8      | Reached skill level 5 in Evocations
  5703 | D:9      | Found a transporter.
  5723 | D:9      | Reached XP level 10. HP: 96/99 MP: 12/12
  5963 | D:9      | Noticed Jonor's ghost (novice GnSk)
  5964 | D:9      | Noticed a moth of wrath
  5972 | D:9      | Noticed a manticore
  5981 | D:9      | Found a transporter.
  6036 | D:9      | Reached skill level 5 in Axes
  6222 | D:10     | Entered Level 10 of the Dungeon
  6293 | D:10     | Noticed Snorg
  6293 | D:10     | Noticed a two-headed ogre
  6304 | D:10     | Killed a two-headed ogre
  6304 | D:10     | Reached skill level 13 in Fighting
  6307 | D:10     | Mangled by Snorg

Levels and vault maps discovered:
D:1:      dpeg_arrival_shelter, layout_loops_cross, minmay_nonomino_d4
D:2:      layout_loops_cross, grunt_dithmenos_smoke, uniq_crazy_yiuf_cottage
D:3:      layout_rooms, okawaru_altar_gauntlet_db, dancing_weapons_uskayaw
D:4:      layout_cave_pools, grunt_temple_overflow_holy_war,
          nicolae_overflow_crystal_walls, marbit_many_paths,
          minmay_temple_entry_nine_rooms, minmay_close_crescents
D:5:      layout_basic, first_ration
D:6:      layout_basic, kennysheep_mini_moat, serial_shops, shop,
          grunt_decor_cap, chequers_serial_rivers_micro_b
D:7:      layout_rooms, lemuel_coloured_pillars_altar, kennysheep_little_box,
          nicolae_ashenzari_panopticon, grunt_livestock, grunt_ministairs_8
D:8:      minmay_opposing_rooms, layout_layer_cave, lemuel_crystal_altar,
          uniq_psyche, uniq_grum, uniq_harold
D:9:      layout_roguey, nicolae_overflow_hidden_temple,
          gammafunk_ghost_berserking_beasts
D:10:     layout_big_octagon, uniq_snorg

Skill      XL: |  1  2  3  4  5  6  7  8  9 10 |
---------------+-------------------------------+-----
Fighting       | 4 5 6 7 8 9 11 12 13 | 13.1
Armour         | 3 4 5 6 7 9 |  9.6
Evocations     | 2 3 5 |  5.0
Axes           | 1 4 5 |  5.7
Polearms       | |  3.6
Dodging        | |  2.1

Action                   |  1- 3 |  4- 6 |  7- 9 | 10-12 || total
-------------------------+-------+-------+-------+-------++-------
Melee: Spear             |    87 |    18 |       |       ||   105
       Headbutt          |     7 |    12 |    32 |     9 ||    60
       Quarterstaff      |       |   109 |    68 |       ||   177
       Hand axe          |       |       |    82 |    46 ||   128
Invok: Berserk           |       |       |     2 |     1 ||     3
       Trog's Hand       |       |       |     1 |       ||     1
Evoke: Wand              |       |       |     2 |       ||     2
  Use: Scroll            |       |     3 |     5 |       ||     8
 Stab: Paralysed         |       |     1 |       |       ||     1
  Eat: Chunk             |     1 |     3 |     8 |     2 ||    14
       Ration            |       |     1 |     3 |       ||     4
Armor: Animal skin       |     7 |       |       |       ||     7
       Ring mail         |    12 |    24 |       |       ||    36
       Chain mail        |       |    33 |    99 |    29 ||   161
Dodge: Dodged            |    37 |    85 |    63 |    26 ||   211
